[Event "7th Ali Ipek Memorial 2019"]
[Site "Ankara"]
[Date "2019.03.07"]
[Round "2.10"]
[White "Nazli, Sertan"]
[Black "Ergun, Abdurrahman"]
[Result "1/2-1/2"]
[ECO "D03"]
[WhiteElo "1807"]
[BlackElo "1300"]
[Annotator "NA RC"]
[PlyCount "123"]
[EventDate "2019.03.06"]
[EventType "swiss"]
[EventCountry "TUR"]
[SourceTitle "playchess.com"]
[Source "ChessBase"]
[SourceQuality "1"]
[TimeControl "5400+30"]

1. d4 d5 2. Nf3 Nf6 3. Bg5 Ne4 4. Bf4 Bf5 5. e3 e6 6. Bd3 {[%emt 0:02:30] D03: 1 d4 d5 2 Nf3 Nf6 3 Bg5, including Torre Attack with early ...d5} c5 7. c3 Nd7 $146 ({Predecessor:} 7... Nc6 8. O-O Be7 9. h3 O-O 10. Ne5 Nxe5 11. Bxe5 Qb6 12. Qe2 c4 13. Bxe4 Bxe4 {0-1 (53) Nechaev,O (2358)-Shaposhnikov,E (2557) Sochi 2016}) 8. Qe2 h6 9. O-O Be7 10. c4 dxc4 11. Bxc4 O-O 12. Nc3 g5 13. Be5 a6 14. Nxe4 Bxe4 15. h4 Bg6 16. dxc5 (16. hxg5 $11 hxg5 17. Rfd1) 16... g4 17. Rfd1 $2 (17. Bf4 $17 {might work better.} gxf3 18. Qxf3 Bxh4 19. Rad1) 17... gxf3 18. Qxf3 $2 (18. gxf3 Nxe5 19. Rxd8 Raxd8 20. f4) 18... Nxe5 19. Qg3 Bxh4 20. Qxe5 Qf6 21. Qxf6 Bxf6 22. Rd7 Bxb2 23. Rad1 Be4 24. f3 Bc6 25. R7d6 Ba3 26. Kf2 Bxc5 27. R6d2 b5 28. Be2 Bd5 29. f4 Rac8 30. f5 Kg7 31. Rh1 Bb6 32. Rh3 Ba5 33. Rd3 Rc1 34. Bd1 Kh7 35. Ra3 Bb4 36. Rd3 Rg8 37. g3 Rg5 38. g4 Ra1 39. Bb3 Be1+ 40. Ke2 Bc6 41. fxe6 Rxg4 42. Rd6 Rg2+ 43. Kf1 Bb4+ 44. Rd1 Rxd1+ 45. Bxd1 fxe6 46. Bb3 Rb2 47. Rh5 Rb1+ 48. Kf2 Rh1 49. Re5 Bd5 50. Bxd5 exd5 51. Rxd5 Rh2+ 52. Kf3 Rxa2 53. e4 Ra3+ 54. Kf4 Bd2+ 55. Rxd2 b4 56. Kf5 b3 57. Rd7+ Kg8 58. Kf6 b2 59. Rd8+ Kh7 60. Rd7+ Kh8 61. Rd8+ Kh7 62. Rd7+ 1/2-1/2

[Event "7th Ali Ipek Memorial 2019"]
[Site "Ankara"]
[Date "2019.03.07"]
[Round "2.11"]
[White "Ugurlu, Gokhan"]
[Black "Alkan, Omer Tarik"]
[Result "0-1"]
[ECO "A14"]
[WhiteElo "1342"]
[BlackElo "1717"]
[Annotator "NA RC"]
[PlyCount "128"]
[EventDate "2019.03.06"]
[EventType "swiss"]
[EventCountry "TUR"]
[SourceTitle "playchess.com"]
[Source "ChessBase"]
[SourceQuality "1"]
[TimeControl "5400+30"]

1. c4 Nf6 2. g3 e6 3. Bg2 d5 4. b3 Be7 5. Nf3 c5 6. O-O Nc6 7. Bb2 O-O 8. d4 dxc4 9. bxc4 Qb6 10. Qd2 cxd4 11. Bxd4 Nxd4 12. Qxd4 Bc5 13. Qd3 Rd8 14. Qc2 e5 15. Nbd2 Ng4 16. e3 Be6 17. h3 Nf6 18. Nxe5 Bxe3 19. Nef3 Bc5 20. Rab1 Qd6 21. Nb3 Bb6 22. Ng5 Rac8 23. Nxe6 Qxe6 24. c5 Qe7 25. Rbc1 Bxc5 26. Nxc5 b6 27. Rfd1 Rxd1+ 28. Rxd1 Qxc5 29. Qd3 a5 30. Kf1 Kf8 31. Rd2 b5 32. Qd6+ Qxd6 33. Rxd6 Rc2 34. a3 Rc3 35. Rb6 Rxa3 36. Rxb5 Ra2 37. Rb7 a4 38. Ra7 g6 39. Bc6 a3 40. Bb5 Ne4 41. Rxf7+ Kxf7 42. Bc4+ Kf6 43. Bxa2 Nc3 44. Bb3 a2 45. Bxa2 Nxa2 46. Kg2 Kf5 47. Kf3 Nc3 48. h4 h5 49. Ke3 Kg4 50. Kd4 Ne2+ 51. Ke3 Nxg3 52. fxg3 Kxg3 53. Ke2 Kxh4 54. Kf3 g5 55. Kg2 Kg4 56. Kh2 Kf3 57. Kh3 h4 58. Kh2 g4 59. Kh1 g3 60. Kg1 g2 61. Kh2 Kf2 62. Kh3 g1=R 63. Kh2 h3 64. Kxh3 Rg8 0-1

[Event "7th Ali Ipek Memorial 2019"]
[Site "Ankara"]
[Date "2019.03.07"]
[Round "2.12"]
[White "Coban, Eren Cinar"]
[Black "Baycu, Arda"]
[Result "1/2-1/2"]
[ECO "A26"]
[WhiteElo "1693"]
[BlackElo "1369"]
[Annotator "NA RC"]
[PlyCount "105"]
[EventDate "2019.03.06"]
[EventType "swiss"]
[EventCountry "TUR"]
[SourceTitle "playchess.com"]
[Source "ChessBase"]
[SourceQuality "1"]
[TimeControl "5400+30"]

1. c4 Nf6 2. g3 g6 3. Bg2 Bg7 4. Nc3 O-O 5. d3 d6 6. e4 e5 7. Nge2 Nc6 8. h3 Ne7 9. O-O Nd7 10. Be3 a6 11. Kh2 c5 12. Qd2 Qe8 13. Rab1 f5 14. f4 Rb8 15. exf5 gxf5 16. b4 b6 17. Nd5 Nxd5 18. Bxd5+ Kh8 19. Bc6 Bb7 20. b5 Qc8 21. Bxb7 Qxb7 22. bxa6 Qxa6 23. Nc3 exf4 24. Bxf4 Ne5 25. Nb5 Rbd8 26. Nc7 Qc8 27. Nd5 Qe6 28. Rxb6 Rb8 29. Rb3 Rxb3 30. axb3 Rb8 31. Nc7 Qd7 32. Nb5 d5 33. Qg2 dxc4 34. dxc4 Qd3 35. Bxe5 Bxe5 36. Qf3 Rd8 37. Qxd3 Rxd3 38. Rxf5 Bxg3+ 39. Kg2 Rxb3 40. Rxc5 Bf4 41. Rc8+ Kg7 42. Nd4 Rb2+ 43. Kf3 Be5 44. Nc6 Bd6 45. Rd8 Rb3+ 46. Ke4 Bh2 47. Rd7+ Kg6 48. h4 Rh3 49. Ne7+ Kf6 50. Nd5+ Kg6 51. Ne7+ Kf6 52. Ng8+ Kg6 53. Ne7+ 1/2-1/2

[Event "7th Ali Ipek Memorial 2019"]
[Site "Ankara"]
[Date "2019.03.08"]
[Round "3.1"]
[White "Banci, Dogancan"]
[Black "Guven, Oguz Kaan"]
[Result "0-1"]
[ECO "B23"]
[WhiteElo "1599"]
[BlackElo "2096"]
[Annotator "NA RC"]
[PlyCount "82"]
[EventDate "2019.03.06"]
[EventType "swiss"]
[EventCountry "TUR"]
[SourceTitle "playchess.com"]
[Source "ChessBase"]
[SourceQuality "1"]
[TimeControl "5400+30"]

1. e4 c5 2. Nc3 a6 3. a4 Nc6 4. Nf3 g6 5. d4 cxd4 6. Nxd4 {[%emt 0:00:30] B23: Closed Sicilian: Lines without g3} Bg7 7. Be3 d6 8. Bc4 Nf6 9. h3 O-O 10. O-O (10. Nb3 Na5 11. Nxa5 Qxa5 12. O-O Be6 13. Nd5 Bxd5 14. exd5 Rac8 15. Bb3 Nd7 16. c3 Rfe8 {½-½ (74) Ghaem Maghami,E (2591)-Mirzoev,A (2553) Teheran 2014}) 10... Bd7 11. Qd2 Rc8 12. Ba2 Na5 13. f3 $146 ({Predecessor:} 13. f4 Nc4 14. Bxc4 Rxc4 15. e5 Ne8 16. Nf3 Be6 17. b3 Rc8 {0-1 (48) Zoch,W (2076)-Zesch,L (2203) Germany 2000}) 13... Nc4 14. Bxc4 Rxc4 15. a5 Qb8 16. b3 Rc5 17. Na4 Bxa4 18. Rxa4 Rcc8 19. c4 e6 20. Bh6 Qa7 21. Be3 Qb8 22. Ne2 Rfe8 23. Bf4 Qa7+ 24. Be3 ({White should try} 24. Kh1 $14) 24... Qb8 25. Bf4 Red8 26. Rd1 Nd7 27. Qe3 Nc5 28. Rb4 Qc7 29. Rb6 Be5 30. Bg5 f6 31. Bf4 Kf7 32. Bh2 (32. Qd2 $14 {keeps the upper hand.}) 32... Nd7 (32... Bxh2+ $15 33. Kxh2 d5+ 34. Qf4 Nd7 35. Qxc7 Rxc7) 33. Bxe5 $11 dxe5 34. Rbd6 Nb8 35. Rxd8 Rxd8 36. Rxd8 Qxd8 37. b4 Nc6 38. Qb3 Qd2 39. Nc3 Nd4 40. Qa3 Qxc3 41. Qxc3 Ne2+ 0-1

[Event "7th Ali Ipek Memorial 2019"]
[Site "Ankara"]
[Date "2019.03.08"]
[Round "3.2"]
[White "Arkac, Alp"]
[Black "Buker, Muhittin"]
[Result "0-1"]
[ECO "B08"]
[WhiteElo "1335"]
[BlackElo "2009"]
[Annotator "NA RC"]
[PlyCount "86"]
[EventDate "2019.03.06"]
[EventType "swiss"]
[EventCountry "TUR"]
[SourceTitle "playchess.com"]
[Source "ChessBase"]
[SourceQuality "1"]
[TimeControl "5400+30"]

1. e4 d6 2. d4 Nf6 3. Nc3 g6 4. Nf3 Bg7 5. Be2 O-O 6. O-O Bg4 7. h3 Bxf3 8. Bxf3 Nc6 9. Bf4 {[%emt 0:08:30] B08: Pirc Defence: Classical System} (9. Be3 Re8 10. Re1 e5 11. d5 Nd4 12. Bxd4 exd4 13. Nb5 Nd7 14. Nxd4 h5 15. c3 a6 16. Qc2 Qg5 17. Be2 {1-0 (55) Timofeev,A (2601)-Bryzgalin,K (2424) Sochi 2016}) 9... Nd7 10. Be3 e5 11. dxe5 dxe5 12. Qd5 $146 ({Predecessor:} 12. Nd5 Nd4 13. c3 Ne6 14. Qb3 c6 {1-0 (33) Schmeing,W-Stoeber,M (2235) Germany 1994}) 12... Nb6 13. Qxd8 Rfxd8 14. Nb5 Nd4 $1 15. Nxd4 exd4 16. Bf4 c6 17. Be2 Na4 18. Rab1 b5 19. e5 Re8 20. Bf3 Bxe5 21. Bxc6 Bxf4 22. Bxa8 Rxa8 23. Rfe1 Rd8 24. Re7 a6 25. Ra7 Rd6 26. g3 Bg5 27. b3 Nc3 28. Re1 Nxa2 29. Re8+ Kg7 30. h4 Bc1 31. Ree7 Rf6 32. Kg2 Nb4 33. Rec7 h5 34. f4 Bb2 35. Kf3 Bc3 36. Ke4 Nxc2 37. Rd7 Nb4 38. Rac7 a5 39. Ra7 Na6 40. Rd5 a4 41. bxa4 bxa4 42. Rd8 Re6+ 43. Kd3 Nb4+ $19 (43... a3 44. Rda8 a2 45. Rxa6 Rxa6 46. Rxa6 a1=Q 47. Rxa1 Bxa1) 0-1

[Event "7th Ali Ipek Memorial 2019"]
[Site "Ankara"]
[Date "2019.03.08"]
[Round "3.4"]
[White "Severcan, Sedat Sabri"]
[Black "Bingologlu, Furkan"]
[Result "0-1"]
[ECO "A09"]
[WhiteElo "1927"]
[BlackElo "1578"]
[Annotator "NA RC"]
[PlyCount "164"]
[EventDate "2019.03.06"]
[EventType "swiss"]
[EventCountry "TUR"]
[SourceTitle "playchess.com"]
[Source "ChessBase"]
[SourceQuality "1"]
[TimeControl "5400+30"]

1. Nf3 Nf6 2. g3 d5 3. Bg2 c5 4. O-O Nc6 5. c4 d4 6. d3 e5 7. Ng5 {[%emt 0:02:30] A09: Réti Opening: 1 Nf3 d5 2 c4} (7. e3 Be7 8. exd4 cxd4 9. Re1 Nd7 10. Na3 O-O 11. Nc2 a5 12. b3 f6 13. Nd2 Nc5 14. Ne4 Bf5 15. Nxc5 Bxc5 {½-½ (31) Radjabov,T (2741)-Harikrishna,P (2738) Palma de Mallorca 2017}) 7... Bd6 ({Black should play} 7... h6 $17 8. Ne4 Nxe4 9. Bxe4 Bh3) 8. Nd2 O-O 9. Nge4 Nxe4 10. Nxe4 Be7 11. f4 f5 12. Ng5 Bxg5 $146 ({Predecessor:} 12... exf4) 13. fxg5 Be6 14. a3 e4 15. Bf4 Qd7 16. Qc2 e3 17. Rab1 a5 18. Qb3 Rfc8 19. Qa4 Qe7 20. h4 Bd7 21. Bd5+ Be6 22. Bg2 Bd7 23. Qc2 (23. Qd1 $14) 23... Ra7 24. b3 Be8 25. Rb2 Rca8 26. Bd5+ Bf7 27. Bxf7+ Kxf7 28. g4 Kg8 29. gxf5 Rf8 30. Bg3 (30. Qc1 $11) 30... Qd7 31. Rbb1 (31. Qc1 $15) 31... Rxf5 32. Rxf5 Qxf5 33. Rf1 Qg4 (33... Qh3 $15 34. Rf3 Ne7) 34. Kg2 b6 35. Rf4 Qh5 36. Qd1 Rf7 37. Rxf7 Kxf7 38. Qf1+ Ke6 39. Kh3 Ne5 40. Qf4 Nf7 41. Qe4+ Kd7 42. Qb7+ Ke8 43. Qc8+ Ke7 44. Qc7+ Ke8 45. Qc8+ Ke7 46. Qg4 Qxg4+ 47. Kxg4 Nd6 48. h5 g6 49. h6 Ke6 50. Be1 Nb7 51. Kf4 Nd6 52. Bg3 Nf5 53. Bh2 Nd6 54. Bg1 Nf5 55. Bh2 Nd6 56. Kg4 Kd7 57. Be5 Ke6 58. Bf6 Nf7 59. Bg7 Kd6 60. Kf4 Ke6 61. Kg4 Kd6 62. Bf8+ Ke6 63. Kf4 Nd6 64. Bg7 Nf7 65. b4 axb4 66. axb4 Nd6 67. b5 Nf7 68. Bf6 Kd6 69. Bg7 Ke6 70. Bf6 Kd6 71. Bg7 Ke6 72. Bf8 $11 Nd6 73. Kg4 Nxc4 74. Bg7 Nd6 75. Bf6 Nxb5 76. Bd8 c4 77. dxc4 d3 78. exd3 e2 79. Bxb6 e1=Q 80. cxb5 Qe2+ 81. Kf4 Qxd3 82. Be3 Qxb5 0-1

[Event "7th Ali Ipek Memorial 2019"]
[Site "Ankara"]
[Date "2019.03.08"]
[Round "3.5"]
[White "Taspinar, Yanki"]
[Black "Mermer, Yunus"]
[Result "1-0"]
[ECO "B80"]
[WhiteElo "1792"]
[BlackElo "1479"]
[Annotator "NA RC"]
[PlyCount "53"]
[EventDate "2019.03.06"]
[EventType "swiss"]
[EventCountry "TUR"]
[SourceTitle "playchess.com"]
[Source "ChessBase"]
[SourceQuality "1"]
[TimeControl "5400+30"]

1. e4 c5 2. Nf3 d6 3. d4 cxd4 4. Nxd4 Nf6 5. Nc3 a6 6. Be3 e6 7. f3 Be7 8. Qd2 Nc6 9. O-O-O Qc7 10. g4 e5 11. Nf5 Bxf5 12. gxf5 Rb8 13. Rg1 g6 14. Bh3 b5 15. Kb1 b4 16. Nd5 Nxd5 17. Qxd5 a5 18. f4 Qb7 19. f6 Bf8 20. fxe5 Nxe5 21. Qxa5 Qxe4 22. Ba7 Rc8 23. Bxc8 Qc6 24. Ba6 Nd7 25. Rge1+ Be7 26. Rxe7+ Kf8 27. Qd8# 1-0

[Event "7th Ali Ipek Memorial 2019"]
[Site "Ankara"]
[Date "2019.03.08"]
[Round "3.6"]
[White "Kizilkus, Tanju"]
[Black "Turkmen, Ataberk"]
[Result "1-0"]
[ECO "B00"]
[WhiteElo "1571"]
[BlackElo "1868"]
[Annotator "NA RC"]
[PlyCount "55"]
[EventDate "2019.03.06"]
[EventType "swiss"]
[EventCountry "TUR"]
[SourceTitle "playchess.com"]
[Source "ChessBase"]
[SourceQuality "1"]
[TimeControl "5400+30"]

1. e4 b6 2. d4 Bb7 3. Nc3 e6 4. Nf3 Bb4 5. Bd3 Nf6 6. Qe2 d5 7. Bg5 {[%emt 0:07:30] B00: Queen's Fianchetto Defence, Nimzowitsch Defence} (7. exd5 $11 Nxd5 (7... Qxd5 8. O-O Bxc3 9. bxc3 Nbd7 10. c4 Qh5 11. Bf4 Rc8 12. a4 a5 13. Rab1 O-O 14. Rb5 c5 15. dxc5 Rxc5 {0-1 (29) Eljanov,P (2734)-Carlsen,M (2827) Douglas 2017}) 8. Bd2) 7... h6 (7... dxe4 $15 8. Bxe4 Bxe4 9. Bxf6 Qd5 10. Bxg7 Rg8) 8. Bxf6 $1 Qxf6 9. O-O O-O 10. Nb5 Qd8 11. c3 $146 ({Predecessor:} 11. a3 Be7 12. exd5 Bxd5 13. c4 Bb7 14. Rad1 Nd7 {0-1 (35) Dzierzak,R (1906)-Cieslar,M (2010) Borowice 2012}) 11... Be7 12. Rae1 a6 13. Na3 Bxa3 14. bxa3 Nd7 15. e5 Qe7 16. Bb1 Rfb8 17. Qc2 Nf8 18. h4 ({Better is} 18. Re3 $11) 18... c5 19. h5 a5 20. Re3 Ba6 21. Rfe1 Rc8 22. Qd2 cxd4 23. Nxd4 Qxa3 $2 (23... Qg5 $14) 24. Rg3 $18 Kh8 25. Ree3 Ra7 26. Rxg7 Kxg7 27. Rg3+ Ng6 28. hxg6 1-0

[Event "7th Ali Ipek Memorial 2019"]
[Site "Ankara"]
[Date "2019.03.08"]
[Round "3.8"]
[White "Alkan, Omer Tarik"]
[Black "Soku, Mustafa Attila"]
[Result "1-0"]
[ECO "B06"]
[WhiteElo "1720"]
[BlackElo "1497"]
[Annotator "NA RC"]
[PlyCount "41"]
[EventDate "2019.03.06"]
[EventType "swiss"]
[EventCountry "TUR"]
[SourceTitle "playchess.com"]
[Source "ChessBase"]
[SourceQuality "1"]
[TimeControl "5400+30"]

1. e4 g6 2. d4 Bg7 3. Nc3 d6 4. f4 a6 5. a4 b6 6. Bc4 e6 7. Nf3 Nd7 8. O-O Bb7 9. f5 gxf5 10. exf5 d5 11. fxe6 fxe6 12. Ng5 Ndf6 13. Nxe6 Qd7 14. Bxd5 Bxd5 15. Nxd5 Kf7 16. Ndxc7 Ne7 17. Nxg7 Kxg7 18. Nxa8 Rxa8 19. Qf3 Rf8 20. c3 Ng6 21. Qh3 1-0

[Event "7th Ali Ipek Memorial 2019"]
[Site "Ankara"]
[Date "2019.03.08"]
[Round "3.9"]
[White "Cevizci, Yusuf Baran"]
[Black "Yenice, Yusuf Erkan"]
[Result "1-0"]
[ECO "E01"]
[WhiteElo "1691"]
[BlackElo "1485"]
[Annotator "NA RC"]
[PlyCount "89"]
[EventDate "2019.03.06"]
[EventType "swiss"]
[EventCountry "TUR"]
[SourceTitle "playchess.com"]
[Source "ChessBase"]
[SourceQuality "1"]
[TimeControl "5400+30"]

1. d4 d5 2. c4 e6 3. Nc3 c6 4. Nf3 Nf6 5. g3 dxc4 6. Bg2 Nbd7 7. O-O Bb4 8. Qc2 Qa5 9. Nd2 Nb6 10. Nce4 Nxe4 11. Bxe4 f5 12. Bg2 Qa6 13. e4 O-O 14. Nf3 Qa4 15. Qe2 c3 16. Ng5 cxb2 17. Bxb2 h6 18. Nh3 Bd7 19. Nf4 Kh7 20. h4 Bd6 21. e5 Be7 22. h5 Bg5 23. Nd3 Be7 24. g4 Nd5 25. gxf5 exf5 26. e6 Be8 27. Bxd5 cxd5 28. Rfc1 Bc6 29. Kh1 Rae8 30. Rg1 Bf6 31. Nc5 Qb5 32. Qc2 Be7 33. f3 Qc4 34. Qg2 g5 35. hxg6+ Kg7 36. Rae1 b6 37. Nd7 Rh8 38. Ne5 Qa4 39. Nf7 Bf6 40. Nxh8 Rxh8 41. e7 Re8 42. Qh2 Qb4 43. Bc1 Bg5 44. Bxg5 hxg5 45. Qh7+ 1-0

[Event "7th Ali Ipek Memorial 2019"]
[Site "Ankara"]
[Date "2019.03.08"]
[Round "3.10"]
[White "Dalar, Yusuf"]
[Black "Subasi, Fidel"]
[Result "0-1"]
[ECO "A85"]
[WhiteElo "1550"]
[BlackElo "1692"]
[Annotator "NA RC"]
[PlyCount "126"]
[EventDate "2019.03.06"]
[EventType "swiss"]
[EventCountry "TUR"]
[SourceTitle "playchess.com"]
[Source "ChessBase"]
[SourceQuality "1"]
[TimeControl "5400+30"]

1. d4 e6 2. c4 f5 3. Nc3 Nf6 4. Bg5 Bb4 5. Nf3 O-O 6. e3 b6 7. Bd3 Bb7 8. O-O Bxc3 9. bxc3 Qe8 10. Nd2 Qg6 11. Nf3 d6 12. Bxf6 Rxf6 13. Bc2 Nd7 14. d5 e5 15. Nh4 Qf7 16. g3 Nc5 17. Re1 Rf8 18. Ng2 Bc8 19. a4 a5 20. Rb1 Bd7 21. f4 e4 22. Ra1 Rh6 23. Re2 Be8 24. Ne1 Qe7 25. Rf2 Bh5 26. Qd4 Rff6 27. Bd1 Qe8 28. Raa2 Rfg6 29. Rg2 Bg4 30. Bxg4 Rxg4 31. Qd1 Rh3 32. Nc2 Qh5 33. Qe2 Rgxg3 34. Qxh5 Rxg2+ 35. Kxg2 Rxh5 36. Nd4 Nd3 37. Nb5 g5 38. Kg3 gxf4+ 39. exf4 Rh6 40. h3 Rg6+ 41. Kh2 Rg7 42. Nd4 Nxf4 43. Rf2 Nd3 44. Rxf5 Nc5 45. Rf4 Rf7 46. Rg4+ Kf8 47. Kg2 e3 48. Rh4 Nxa4 49. Re4 Rf2+ 50. Kg3 Nc5 51. Rxe3 Rf1 52. Nb5 a4 53. Nxc7 a3 54. Re8+ Kf7 55. Ra8 Ra1 56. Nb5 a2 57. Kh4 Ne4 58. Kh5 Kf6 59. Ra3 Ng3+ 60. Kh4 Nf5+ 61. Kh5 Rg1 62. h4 a1=Q 63. Rxa1 Rxa1 0-1

[Event "7th Ali Ipek Memorial 2019"]
[Site "Ankara"]
[Date "2019.03.08"]
[Round "3.11"]
[White "Ozen, Halil Ibrahim"]
[Black "Alkan, Sukru"]
[Result "1-0"]
[ECO "D15"]
[WhiteElo "1637"]
[BlackElo "1455"]
[Annotator "NA RC"]
[PlyCount "95"]
[EventDate "2019.03.06"]
[EventType "swiss"]
[EventCountry "TUR"]
[SourceTitle "playchess.com"]
[Source "ChessBase"]
[SourceQuality "1"]
[TimeControl "5400+30"]

1. Nf3 d5 2. c4 c6 3. d4 Nf6 4. Nc3 Bf5 5. cxd5 Nxd5 6. Qb3 Nxc3 7. Qxb7 Nd7 8. bxc3 Qc8 9. Qb3 e6 10. Bf4 Be7 11. g3 O-O 12. Bg2 Be4 13. O-O c5 14. Bh3 Qc6 15. Nd2 c4 16. Qd1 Nf6 17. f3 Bg6 18. e4 Nd7 19. Qe2 Nb6 20. Bg2 Rac8 21. Be3 Bd6 22. f4 Qb5 23. Rfb1 Qa5 24. Rc1 Ba3 25. Rc2 Qa4 26. Nf1 Rfe8 27. g4 f5 28. gxf5 exf5 29. e5 Bf7 30. Ng3 g6 31. Bc1 Bf8 32. Rb1 Bd5 33. Rcb2 Qc6 34. Bh3 Ba3 35. Rxb6 axb6 36. Bxa3 Ra8 37. Bb4 Bf3 38. Qc2 Bd5 39. a3 h5 40. Re1 h4 41. Nf1 Be4 42. Bg2 Bxg2 43. Qxg2 Qxg2+ 44. Kxg2 Kf7 45. Kh3 Ke6 46. Ne3 Rad8 47. d5+ Rxd5 48. Nxd5 1-0

[Event "7th Ali Ipek Memorial 2019"]
[Site "Ankara"]
[Date "2019.03.08"]
[Round "3.12"]
[White "Kayaman, Metin"]
[Black "Karabacak, Ceylin Deniz"]
[Result "0-1"]
[ECO "D37"]
[WhiteElo "1667"]
[BlackElo "1392"]
[Annotator "NA RC"]
[PlyCount "136"]
[EventDate "2019.03.06"]
[EventType "swiss"]
[EventCountry "TUR"]
[SourceTitle "playchess.com"]
[Source "ChessBase"]
[SourceQuality "1"]
[TimeControl "5400+30"]

1. d4 Nf6 2. Nf3 d5 3. c4 e6 4. Nc3 Be7 5. Bf4 O-O 6. e3 c5 7. dxc5 Bxc5 8. Qc2 dxc4 9. Bxc4 a6 10. Rd1 Qe7 11. O-O b5 12. Bd3 Bb7 13. a3 Nbd7 14. b4 Bb6 15. Bd6 Qd8 16. Bxf8 Qxf8 17. Ne4 Rc8 18. Nxf6+ Nxf6 19. Qb1 Nd5 20. Rc1 Rxc1 21. Rxc1 g6 22. Be4 Qd6 23. Bxd5 Qxd5 24. Rd1 Qh5 25. e4 Qg4 26. h3 Qxe4 27. Qxe4 Bxe4 28. Rd6 Bc7 29. Rxa6 Kf8 30. Nd4 Bd3 31. Ra8+ Ke7 32. Nc6+ Kd7 33. Nb8+ Ke7 34. Ra7 Kd6 35. Na6 Bb6 36. Rxf7 Bd4 37. Nb8 e5 38. Rd7+ Ke6 39. Rxh7 Bb2 40. Ra7 Kd5 41. Rd7+ Kc4 42. Nc6 e4 43. Na5+ Kc3 44. Rc7+ Kd2 45. Nb3+ Kd1 46. Ra7 Ke2 47. Rc7 Bxa3 48. Nd4+ Kd2 49. Rb7 Bxb4 50. Nxb5 Bc5 51. Nc7 Ke1 52. Rb2 Bd4 53. Ra2 Bb1 54. Ra4 Bxf2+ 55. Kh1 Bd3 56. Ne6 e3 57. Nf4 Bc2 58. Ra2 Bd1 59. g4 e2 60. Kg2 Bb3 61. Nd3+ Kd1 62. Nxf2+ Ke1 63. Rb2 Bd5+ 64. Ne4 Bxe4+ 65. Kg1 Kd1 66. Rxe2 Kxe2 67. Kh2 Kf3 68. g5 Kf4 0-1

[Event "7th Ali Ipek Memorial 2019"]
[Site "Ankara"]
[Date "2019.03.09"]
[Round "4.1"]
[White "Guven, Oguz Kagan"]
[Black "Cevizci, Yusuf Baran"]
[Result "1-0"]
[ECO "E61"]
[WhiteElo "2096"]
[BlackElo "1691"]
[Annotator "NA"]
[PlyCount "95"]
[EventDate "2019.03.06"]
[EventType "swiss"]
[EventCountry "TUR"]
[SourceTitle "playchess.com"]
[Source "ChessBase"]
[SourceQuality "1"]
[TimeControl "5400+30"]

1. d4 Nf6 2. Nf3 g6 3. c4 d6 4. Nc3 Bg7 5. Bf4 O-O 6. h3 Nbd7 7. e3 c5 8. Be2 b6 9. O-O {[%emt 0:00:30] LiveBook: 19 Games} Bb7 10. d5 {[%emt 0:00:30] E61: King's Indian: Early deviations for White, including Smyslov System} a6 11. a4 Rb8 (11... Qc7 12. e4 Rad8 13. Qd2 Bc8 14. Rfe1 Rfe8 15. Bf1 Nh5 16. Bh2 {½-½ (36) Karjakin,S (2783)-Nepomniachtchi,I (2751) chess.com INT 2017}) 12. e4 $146 ({Predecessor:} 12. Qc2 Ne8 13. Rad1 Nc7 14. e4 Ba8 15. Rfe1 Ne8 {1-0 (26) Scarella,E (2380)-Martinez Andres,F Potrero de los Funes 1995}) 12... Qc7 13. Bh2 Rbd8 14. Re1 Rfe8 15. Bf1 Ne5 16. Nh4 g5 17. Nf5 Ng6 (17... Bc8 $16 {was called for.}) 18. Qd2 h6 {[%emt 0:00:30] [#]} 19. f4 $1 Nh7 20. Nxg7 Kxg7 21. e5 gxf4 22. Bxf4 dxe5 23. Bxh6+ Kh8 24. Qf2 f6 $18 (24... e6 $142 25. a5 bxa5 26. Rxa5 Rc8) 25. Bd3 Rg8 26. Be4 Ng5 27. Bxg5 fxg5 28. Bxg6 Rxg6 29. Qf5 Rdg8 30. Qxe5+ Qxe5 31. Rxe5 g4 32. h4 Bc8 33. Rxe7 Rh6 34. g3 Bf5 35. Rf1 Bd3 36. Rf4 Rd8 37. Kf2 Rg8 38. Ke3 Bc2 39. Kd2 Bb3 40. Kd3 Rd8 41. Ne4 b5 42. axb5 axb5 43. cxb5 Bxd5 44. Kc3 Bxe4 45. Rfxe4 Rf6 46. Rxg4 Rf3+ 47. Kc4 Rd2 48. Re5 1-0

[Event "7th Ali Ipek Memorial 2019"]
[Site "Ankara"]
[Date "2019.03.09"]
[Round "4.2"]
[White "Buker, Muhittin"]
[Black "Ozen, Halil Ibrahim"]
[Result "1-0"]
[ECO "E98"]
[WhiteElo "2009"]
[BlackElo "1637"]
[Annotator "NA"]
[PlyCount "106"]
[EventDate "2019.03.06"]
[EventType "swiss"]
[EventCountry "TUR"]
[SourceTitle "playchess.com"]
[Source "ChessBase"]
[SourceQuality "1"]
[TimeControl "5400+30"]

1. d4 d6 2. Nf3 Nf6 3. c4 g6 4. Nc3 Bg7 5. e4 O-O 6. Be2 e5 7. O-O Nc6 8. d5 Ne7 9. Ne1 Ne8 10. Nd3 f5 11. Bd2 (11. f3 $1 $14) 11... fxe4 12. Nxe4 Bf5 {[%emt 0:02:30] E98: King's Indian: Classical Main Line: 9 Ne1} (12... Nf6 13. Nxf6+ Bxf6 14. Bg4 Nf5 15. Re1 Bd7 16. Bc3 a5 17. Rc1 b6 18. Rc2 Rf7 19. b3 Qf8 20. Re4 Qg7 {½-½ (44) Ehlvest,J (2606)-Smirin,I (2662) Khanty-Mansiysk 2009}) 13. f3 c6 14. Qb3 cxd5 $146 ({Predecessor:} 14... Rb8 15. Ndf2 h6 16. Be3 c5 17. Qa3 a5 18. g4 Bxe4 19. Nxe4 g5 20. Bd3 {1-0 (38) Ivic,M (2244)-Sevo,I (2235) Zadar 2009}) 15. cxd5 Qb6+ 16. Qxb6 axb6 17. g4 Nxd5 $2 ({Black should try} 17... Bd7 $14) 18. gxf5 gxf5 19. Nc3 Nec7 20. Nxd5 Nxd5 21. Nb4 Nf4 22. Bc4+ Kh8 23. Nd5 Rac8 24. Nxf4 ({But not} 24. Nxb6 Rc6 $18) 24... Rxc4 25. Ne6 Rf6 (25... Rg8 $142) 26. Nxg7 Rg6+ 27. Kh1 Kxg7 28. Rac1 b5 29. b3 Rc6 30. Rg1 Kf6 (30... Rxg1+ $16 {was necessary.} 31. Kxg1 Rxc1+ 32. Bxc1 f4) 31. Rxg6+ hxg6 32. Kg2 (32. Rxc6 $18 bxc6 33. a4 bxa4 34. bxa4) 32... Ra6 33. Rc2 d5 34. Bb4 g5 35. a3 d4 36. Rc7 Rc6 37. Be7+ Ke6 38. Rxc6+ bxc6 39. Bxg5 f4 40. Kf2 c5 41. Ke2 c4 42. bxc4 bxc4 43. h4 Kf5 44. Bd8 e4 45. Bb6 Ke5 46. h5 c3 47. h6 c2 48. Kd2 exf3 49. h7 f2 50. h8=Q+ Ke4 51. Qh1+ f3 52. a4 c1=Q+ 53. Qxc1 Kf4 1-0

[Event "7th Ali Ipek Memorial 2019"]
[Site "Ankara"]
[Date "2019.03.09"]
[Round "4.3"]
[White "Subasi, Fidel"]
[Black "Taspinar, Yanki"]
[Result "0-1"]
[ECO "D00"]
[WhiteElo "1692"]
[BlackElo "1792"]
[Annotator "NA"]
[PlyCount "66"]
[EventDate "2019.03.06"]
[EventType "swiss"]
[EventCountry "TUR"]
[SourceTitle "playchess.com"]
[Source "ChessBase"]
[SourceQuality "1"]
[TimeControl "5400+30"]

1. d4 Nf6 2. Nc3 d5 3. Bf4 e6 4. e3 c6 5. Bd3 Be7 6. Nf3 Nbd7 7. e4 dxe4 8. Nxe4 Nxe4 9. Bxe4 Nf6 10. Bd3 O-O 11. c3 Nd5 12. Be5 Bf6 13. Qc2 g6 14. h4 Bxe5 15. dxe5 f5 16. O-O-O Qe7 17. Qd2 h5 18. Ng5 Kg7 19. Bc2 b5 20. g3 Bb7 21. f3 Rad8 22. g4 fxg4 23. fxg4 hxg4 24. Qe2 Rf4 25. Qd3 Rf5 26. Rdg1 c5 27. Rh2 Nf4 28. Qe3 Nd5 29. Qe2 Rxg5 30. hxg5 Qxg5+ 31. Kb1 g3 32. Qf3 Nxc3+ 33. Qxc3 gxh2 0-1